[Event "Titled Tuesday Blitz April 05 Late 2022"]
[White "Wesolowska, Hanna"]
[Black "Stoenescu, Radu"]
[WhiteFideId "1104683"]
[BlackFideId "610143"]
[WhiteElo "2351"]
[BlackElo "1939"]
[Result "1-0"]
[Round "05"]
[TimeControl "180+1"]
[Date "2022.04.06"]
[WhiteClock "0:00:41"]
[BlackClock "0:00:01"]

1. e4 c5 2. Nc3 a6 3. g3 b5 4. Bg2 Bb7 5. d3 e6 6. Be3 Nf6 7. Nge2 Qc7 8. h3 b4 9. Nb1 d5 10. exd5 Bxd5 11. O-O Bd6 12. Nf4 Bxg2 13. Kxg2 O-O 14. Nd2 Be5 15. Nc4 Bd4 16. Qf3 Nc6 17. c3 bxc3 18. bxc3 Bxc3 19. Bxc5 Bxa1 20. Bxf8 Rxf8 21. Rxa1 Nd4 22. Qe3 Qc6+ 23. f3 Rd8 24. Rc1 Qa4 25. Qf2 h6 26. h4 Qc6 27. Qe3 Ng4 28. Qe4 Qxe4 29. dxe4 Nf6 30. Rd1 Nc6 31. Rxd8+ Nxd8 32. Nd3 Nb7 33. Nb4 a5 34. Nc6 a4 35. Nb6 Nc5 36. Kf2 Nfd7 37. Nxd7 Nxd7 38. Ke3 Kf8 39. Kd4 Ke8 40. Kc4 Nb6+ 41. Kb5 Nc8 42. Kxa4 Kd7 43. Ne5+ Ke7 44. Kb5 f6 45. Nc6+ Kd6 46. a4 f5 47. a5 fxe4 48. fxe4 g5 49. hxg5 hxg5 50. a6 g4 51. e5+ Kd5 52. Ne7+ Nxe7 53. a7 1-0


[Site "https://www.chess.com"]

[Event "Titled Tuesday Blitz April 05 Late 2022"]
[White "Wu, Christopher"]
[Black "Chernomordik, Pavel"]
[WhiteFideId "2040875"]
[BlackFideId "2804530"]
[WhiteElo "2604"]
[BlackElo "2452"]
[Result "0-1"]
[Round "05"]
[TimeControl "180+1"]
[Date "2022.04.06"]
[WhiteClock "0:02:37"]
[BlackClock "0:02:37"]

1. d4 g6 2. c4 Bg7 3. Nc3 d6 4. e4 c6 5. h3 a6 6. a4 a5 7. f4 Na6 8. Nf3 Nb4 9. Be2 Qb6 10. Be3 e5 11. Qd2 exd4 12. Nxd4 Bxd4 13. Bxd4 Qxd4 14. Qxd4 Nc2+ 15. Kd2 Nxd4 16. Ke3 Nc2+ 0-1


[Site "https://www.chess.com"]

[Event "Titled Tuesday Blitz April 05 Late 2022"]
[White "Yuan, Qingyu"]
[Black "Sztokbant, Bernardo Vainzoff"]
[WhiteFideId "8609772"]
[BlackFideId "2115956"]
[WhiteElo "2822"]
[BlackElo "2532"]
[Result "1-0"]
[Round "05"]
[TimeControl "180+1"]
[Date "2022.04.06"]
[WhiteClock "0:00:06"]
[BlackClock "0:00:02"]

1. e4 c5 2. Nf3 Nc6 3. Bc4 e6 4. O-O a6 5. Re1 d6 6. c3 Nf6 7. d4 cxd4 8. cxd4 d5 9. exd5 Nxd5 10. Bxd5 Qxd5 11. Nc3 Qh5 12. d5 Ne7 13. Bf4 Ng6 14. Bg3 Be7 15. Nd4 Qxd1 16. Raxd1 O-O 17. dxe6 fxe6 18. Nxe6 Bxe6 19. Rxe6 Rad8 20. Rb6 Bf6 21. h3 Rxd1+ 22. Nxd1 Rf7 23. Ne3 Rd7 24. Ng4 Bd4 25. Rb3 b5 26. Rd3 Nf8 27. b3 Ne6 28. Ne5 Rc7 29. Nf3 Rc1+ 30. Kh2 Bf6 31. Rd6 Nc5 32. Be5 Be7 33. Rb6 Nd3 34. Bd4 Nb4 35. Rb8+ Kf7 36. Rb7 Ke6 37. a3 Nd5 38. Bxg7 Rc2 39. Bd4 Bd6+ 40. g3 Bxa3 41. Kg2 Bd6 42. Ba7 Ra2 43. Rxh7 a5 44. h4 a4 45. Rh6+ Kd7 46. bxa4 bxa4 47. h5 a3 48. Rg6 Rb2 49. Bd4 Ne7 50. Rg7 Rb1 51. h6 Be5 52. Bxe5 a2 53. h7 Rb8 54. h8=Q Rxh8 55. Rxe7+ Kxe7 56. Bxh8 a1=Q 57. Bxa1 Kf7 58. g4 1-0


[Site "https://www.chess.com"]

[Event "Titled Tuesday Blitz April 05 Late 2022"]
[White "Yurtseven, Melih"]
[Black "Gomez Dieguez, David"]
[WhiteFideId "6312160"]
[BlackFideId "22223630"]
[WhiteElo "2160"]
[BlackElo "2115"]
[Result "1-0"]
[Round "05"]
[TimeControl "180+1"]
[Date "2022.04.06"]
[WhiteClock "0:02:06"]
[BlackClock "0:00:32"]

1. e4 c6 2. Nf3 d5 3. d3 dxe4 4. dxe4 Qxd1+ 5. Kxd1 h5 6. Be3 h4 7. h3 Nf6 8. Bd3 g6 9. Nbd2 Bh6 10. Bxh6 Rxh6 11. a4 Nbd7 12. a5 Nc5 13. b4 Nxd3 14. cxd3 Rh5 15. Ke2 Be6 16. Nd4 Kd7 17. a6 b6 18. Rhc1 Rc8 19. N2f3 Ne8 20. Rc2 Nc7 21. Rxc6 Rb5 22. Rxc7+ Rxc7 23. Nxb5 Rc2+ 24. Ke3 Rb2 25. Nxa7 Rxb4 26. Nd4 Kc7 27. Nab5+ Kb8 28. Nc6+ 1-0


[Site "https://www.chess.com"]

[Event "Titled Tuesday Blitz April 05 Late 2022"]
[White "Zhigalko, Sergei"]
[Black "Kozin, Yuri"]
[WhiteFideId "13502956"]
[BlackFideId "4129920"]
[WhiteElo "2851"]
[BlackElo "2534"]
[Result "1-0"]
[Round "05"]
[TimeControl "180+1"]
[Date "2022.04.06"]
[WhiteClock "0:00:03"]
[BlackClock "0:00:01"]

1. e4 c5 2. Nf3 e6 3. c3 Nf6 4. e5 Nd5 5. Bc4 d6 6. d4 cxd4 7. cxd4 dxe5 8. dxe5 Bb4+ 9. Nbd2 O-O 10. O-O Nc6 11. Qe2 Nf4 12. Qe4 Ng6 13. Nb3 Qc7 14. Bf4 Nxf4 15. Qxf4 Bd7 16. Bd3 Be7 17. Rac1 Rad8 18. Rfe1 Qb6 19. Ng5 Bxg5 20. Qxg5 Nb4 21. Bxh7+ Kxh7 22. Rc3 f6 23. Rh3+ Kg8 24. Qg6 Be8 25. Qh7+ Kf7 26. exf6 Kxf6 27. Rf3+ Ke7 28. Qh4+ Rf6 29. a3 Nd3 30. Rf1 1-0


[Site "https://www.chess.com"]

[Event "Titled Tuesday Blitz April 05 Late 2022"]
[White "Adewumi, Tanitoluwa"]
[Black "Koziorowicz, Michal"]
[WhiteFideId "30966396"]
[BlackFideId "21809194"]
[WhiteElo "2550"]
[BlackElo "2665"]
[Result "0-1"]
[Round "06"]
[TimeControl "180+1"]
[Date "2022.04.06"]
[WhiteClock "0:00:04"]
[BlackClock "0:01:32"]

1. e4 c5 2. Nf3 d6 3. d4 cxd4 4. Nxd4 Nf6 5. Nc3 g6 6. Be3 Bg7 7. Bc4 O-O 8. f3 Nc6 9. O-O Bd7 10. Re1 Rc8 11. Bb3 Na5 12. Qd2 Nc4 13. Bxc4 Rxc4 14. Nb3 Re8 15. Rad1 a6 16. Bd4 b5 17. Nd5 Nxd5 18. exd5 Bxd4+ 19. Nxd4 Qb6 20. c3 b4 21. Kh1 bxc3 22. bxc3 Qc5 23. Qg5 f6 24. Qh6 Rxc3 25. Nb3 Qf2 26. Rf1 Qxa2 27. Nd4 Qxd5 28. Ne2 Rd3 29. Rde1 Qg5 30. Qxg5 fxg5 31. Ng3 a5 32. Ne4 h6 33. f4 gxf4 34. Rxf4 Rf8 35. Rxf8+ Kxf8 36. Rc1 a4 0-1


[Site "https://www.chess.com"]

[Event "Titled Tuesday Blitz April 05 Late 2022"]
[White "Aldokhin, Ivan"]
[Black "Novikova, Galina"]
[WhiteFideId "24115720"]
[BlackFideId "4157095"]
[WhiteElo "2594"]
[BlackElo "2377"]
[Result "1-0"]
[Round "06"]
[TimeControl "180+1"]
[Date "2022.04.06"]
[WhiteClock "0:00:05"]
[BlackClock "0:00:02"]

1. e4 e6 2. d4 d5 3. Nd2 Nc6 4. Ngf3 g5 5. c3 Qf6 6. Bd3 Bd7 7. h3 O-O-O 8. e5 Qg7 9. b4 h5 10. Nb3 g4 11. hxg4 hxg4 12. Rxh8 Qxh8 13. Ng1 f6 14. b5 Nce7 15. exf6 Nxf6 16. Nc5 Nf5 17. Qa4 Bxc5 18. dxc5 Kb8 19. Bd2 Qh1 20. O-O-O Qxg2 21. Bxf5 exf5 22. Ne2 Qe4 23. Nd4 Rh8 24. c6 Bc8 25. cxb7 Bxb7 26. Qb4 Ka8 27. Qa5 Rc8 28. Be3 Qe7 29. Nc6 1-0


[Site "https://www.chess.com"]

[Event "Titled Tuesday Blitz April 05 Late 2022"]
[White "Almagro Mazariegos, Sebastian"]
[Black "Sadovsky, Artem"]
[WhiteFideId "2221640"]
[BlackFideId "4155840"]
[WhiteElo "2273"]
[BlackElo "2314"]
[Result "1-0"]
[Round "06"]
[TimeControl "180+1"]
[Date "2022.04.06"]
[WhiteClock "0:00:03"]
[BlackClock "0:00:27"]

1. e4 e5 2. Nf3 Qf6 3. d4 exd4 4. Qxd4 Qxd4 5. Nxd4 a6 6. Bf4 d6 7. Nc3 Nf6 8. O-O-O Nbd7 9. f3 Be7 10. g4 O-O 11. g5 Nh5 12. Be3 Nb6 13. f4 Bg4 14. Rd2 c5 15. Nf5 Bxf5 16. exf5 f6 17. Be2 g6 18. fxg6 hxg6 19. gxf6 Nxf6 20. Rg1 Kf7 21. b3 Rh8 22. Bf3 d5 23. Nxd5 Nbxd5 24. Bxd5+ Nxd5 25. Rxd5 Rxh2 26. Bxc5 Bxc5 27. Rxc5 Re8 28. Rc7+ Kf6 29. Rxb7 Rc8 30. Rb6+ Kf5 31. c4 Rxa2 32. Rgxg6 Rh8 33. Rgf6+ Ke4 34. Rh6 Rg8 35. Rhg6 Rh8 36. Rh6 Rd8 37. Rxa6 Rad2 38. Rh1 Kf3 39. f5 Kg2 40. Re1 Kf2 41. Rh1 Kg2 42. Rah6 R2d3 43. R1h2+ Kf1 44. R2h3 Rd1+ 45. Kb2 R8d2+ 46. Kc3 Rg2 47. Rh1+ Ke2 48. Rxd1 Kxd1 49. f6 Rc2+ 50. Kb4 Rh2 51. Rxh2 Ke1 52. f7 Kf1 53. Rh7 Kg1 54. f8=Q Kg2 55. Qf7 Kg3 56. Rg7+ Kh4 57. Qf8 Kh5 58. Qh8# 1-0


[Site "https://www.chess.com"]

[Event "Titled Tuesday Blitz April 05 Late 2022"]
[White "Ashiev, Eduard"]
[Black "Degardin, Sylvain"]
[WhiteFideId "4130090"]
[BlackFideId "20623070"]
[WhiteElo "2004"]
[BlackElo "2156"]
[Result "0-1"]
[Round "06"]
[TimeControl "180+1"]
[Date "2022.04.06"]
[WhiteClock "0:00:04"]
[BlackClock "0:00:55"]

1. d4 Nf6 2. Nf3 g6 3. c4 Bg7 4. Nc3 d5 5. Bf4 O-O 6. Rc1 c6 7. e3 Bf5 8. h3 Nbd7 9. cxd5 Nxd5 10. Nxd5 cxd5 11. Bc7 Qe8 12. Qb3 Nb6 13. Bxb6 axb6 14. a3 Rc8 15. Rc3 e5 16. Bb5 Bd7 17. Bxd7 Qxd7 18. O-O e4 19. Nd2 Rxc3 20. bxc3 Ra8 21. c4 Bf8 22. Ra1 Qa4 23. Qxb6 dxc4 24. Nxe4 Qb3 25. Qc5 Bxc5 0-1


[Site "https://www.chess.com"]

[Event "Titled Tuesday Blitz April 05 Late 2022"]
[White "Babazada, Khazar"]
[Black "Vasquez Schroeder, Rodrigo"]
[WhiteFideId "13413554"]
[BlackFideId "3400042"]
[WhiteElo "2406"]
[BlackElo "2561"]
[Result "0-1"]
[Round "06"]
[TimeControl "180+1"]
[Date "2022.04.05"]
[WhiteClock "0:00:05"]
[BlackClock "0:00:44"]

1. Nf3 c5 2. g3 b6 3. Bg2 Bb7 4. O-O g6 5. d3 Bg7 6. Nc3 Nc6 7. e4 d6 8. Be3 Nf6 9. h3 Qd7 10. Qd2 O-O 11. Rae1 e5 12. Bh6 Rae8 13. Bxg7 Kxg7 14. Nh4 Nh5 15. Nd1 Qd8 16. Ne3 Kh8 17. c3 Ba6 18. Nd5 Ne7 19. Ne3 Ng8 20. Nf3 Ngf6 21. Rd1 Ng7 22. Rfe1 Ne6 23. h4 Bb7 24. Ng5 Nxg5 25. hxg5 Nh5 26. Ng4 Bc8 27. Bf3 f6 28. gxf6 Nxf6 29. Nh2 Kg7 30. d4 Qe7 31. Bg2 Ng4 32. Nxg4 Bxg4 33. Rc1 Rf7 34. Rf1 Ref8 35. Qe3 Bf3 36. Bxf3 Rxf3 37. Qe2 Qg5 38. Kg2 Qg4 39. Rce1 cxd4 40. cxd4 exd4 41. Qc4 d3 42. Qd4+ R8f6 43. e5 Qxd4 0-1


[Site "https://www.chess.com"]

[Event "Titled Tuesday Blitz April 05 Late 2022"]
[White "Bachmann, Axel"]
[Black "Fishbein, Alexander"]
[WhiteFideId "3700488"]
[BlackFideId "2000377"]
[WhiteElo "2529"]
[BlackElo "2668"]
[Result "0-1"]
[Round "06"]
[TimeControl "180+1"]
[Date "2022.04.06"]
[WhiteClock "0:00:07"]
[BlackClock "0:01:19"]

1. d4 Nf6 2. g3 g6 3. Bg2 Bg7 4. e4 d6 5. Ne2 O-O 6. O-O Nc6 7. Nbc3 e5 8. dxe5 dxe5 9. Bg5 Be6 10. Nd5 Bxd5 11. exd5 Ne7 12. c4 h6 13. Bxf6 Bxf6 14. Nc3 Bg7 15. c5 Nf5 16. Rc1 Qe7 17. b4 a5 18. a3 axb4 19. axb4 Rfd8 20. Ne2 e4 21. Qc2 e3 22. f4 Nd4 23. Qd3 Ra2 24. Rfe1 Rd2 25. Qc4 Ra8 26. Nxd4 Bxd4 27. Re2 Raa2 28. Rce1 Rxe2 29. Rxe2 Ra1+ 30. Bf1 Qe4 31. d6 Rxf1+ 32. Kxf1 Qh1# 0-1


[Site "https://www.chess.com"]

[Event "Titled Tuesday Blitz April 05 Late 2022"]
[White "Baker, Chris W"]
[Black "Janturin, Artur"]
[WhiteFideId "401676"]
[BlackFideId "4130022"]
[WhiteElo "2144"]
[BlackElo "2341"]
[Result "0-1"]
[Round "06"]
[TimeControl "180+1"]
[Date "2022.04.06"]
[WhiteClock "0:00:14"]
[BlackClock "0:00:11"]

1. e4 a6 2. d4 b5 3. Bd3 Bb7 4. Nf3 e6 5. O-O Nf6 6. Re1 c5 7. c3 Be7 8. Nbd2 cxd4 9. cxd4 Nc6 10. a3 O-O 11. d5 exd5 12. e5 Ne8 13. Nb3 Nc7 14. Nbd4 g6 15. Bh6 Re8 16. Rc1 Ne6 17. Bb1 Qb6 18. Be3 Qa5 19. Qd3 Rac8 20. b4 Qd8 21. Nb3 d6 22. exd6 Qxd6 23. Bc5 Qd7 24. Bxe7 Rxe7 25. Nfd4 Nexd4 26. Nxd4 Nxd4 27. Qxd4 Rc4 28. Qa7 Qc7 29. Rcd1 d4 30. Bd3 Rc3 31. Rxe7 Qxe7 32. Qxd4 Rc7 33. Bf1 Bc6 34. Qb6 Be4 35. Qxa6 Bc2 36. Rc1 Ba4 37. Qa8+ Kg7 38. Qf3 Rxc1 39. h4 Qf6 0-1


[Site "https://www.chess.com"]

[Event "Titled Tuesday Blitz April 05 Late 2022"]
[White "Barbosa, Evandro Amorim"]
[Black "Mikhalsky, Vladimir"]
[WhiteFideId "2115824"]
[BlackFideId "14144352"]
[WhiteElo "2663"]
[BlackElo "2524"]
[Result "1-0"]
[Round "06"]
[TimeControl "180+1"]
[Date "2022.04.06"]
[WhiteClock "0:00:11"]
[BlackClock "0:00:21"]

1. e4 g6 2. d4 Bg7 3. Nc3 d6 4. Be3 Nd7 5. Nf3 a6 6. a4 b6 7. Bc4 e6 8. Qd2 Bb7 9. h3 Ngf6 10. Bd3 e5 11. Bh6 Bxh6 12. Qxh6 exd4 13. Nxd4 Qe7 14. O-O O-O-O 15. Rfe1 Ne5 16. Bf1 c5 17. Nb3 Kb8 18. f4 Ned7 19. Rad1 Nxe4 20. Nxe4 Bxe4 21. Nd2 d5 22. Bxa6 f5 23. Nf3 Ka7 24. Bb5 Qf6 25. Bxd7 Rxd7 26. Ne5 Re7 27. Ra1 Rxe5 28. fxe5 Qxe5 29. a5 b5 30. Qg5 Re8 31. a6 Qxb2 32. Qh4 Qd4+ 33. Kh1 Bxg2+ 34. Kxg2 Qxh4 35. Rxe8 Qg5+ 36. Kf3 f4 37. Rf8 Qg3+ 38. Ke2 Qe3+ 39. Kf1 Qxh3+ 40. Kf2 Qg3+ 41. Ke2 Qe3+ 42. Kf1 Qh3+ 43. Kf2 Qe6 44. Re1 Qd6 45. Rfe8 c4 46. R1e7+ Kxa6 47. Re6 Qxe6 48. Rxe6+ Ka5 49. Rd6 Kb4 50. Rxd5 h6 51. Kf3 g5 52. Ke4 Kc3 53. Rxb5 Kxc2 54. Rc5 Kb3 55. Kd4 f3 56. Rxc4 g4 57. Rc1 g3 58. Ke3 f2 59. Kf3 h5 60. Kxg3 h4+ 61. Kxf2 h3 62. Rh1 Kc3 63. Rxh3+ Kd4 64. Re3 Kd5 65. Kf3 Kd4 66. Kf4 Kd5 67. Re4 Kd6 68. Kf5 1-0


[Site "https://www.chess.com"]

[Event "Titled Tuesday Blitz April 05 Late 2022"]
[White "Bas Mas, Jose Joaquin"]
[Black "Danilov, Vladimir"]
[WhiteFideId "22219064"]
[BlackFideId "1203398"]
[WhiteElo "2319"]
[BlackElo "2524"]
[Result "1/2-1/2"]
[Round "06"]
[TimeControl "180+1"]
[Date "2022.04.06"]
[WhiteClock "0:00:32"]
[BlackClock "0:01:40"]

1. e4 e5 2. Nc3 Nc6 3. g3 Nf6 4. Bg2 Bc5 5. Nge2 d6 6. h3 O-O 7. O-O h6 8. d3 Nh7 9. Na4 Bb6 10. Nxb6 axb6 11. d4 exd4 12. Nxd4 Nxd4 13. Qxd4 Qf6 14. Be3 Qxd4 15. Bxd4 Re8 16. f4 f6 17. Rfe1 Be6 18. a3 Rad8 19. Bc3 c5 20. Rad1 Kf7 21. Rd2 Nf8 22. Red1 Ke7 23. e5 dxe5 24. Rxd8 Rxd8 25. Rxd8 Kxd8 26. fxe5 fxe5 27. Bxe5 g6 28. Bg7 Nd7 29. Bxh6 Bf5 30. c3 Kc8 31. g4 Bc2 32. Bf4 Nf6 33. Kf2 b5 34. Be5 Nd7 35. Bd6 c4 36. h4 Nf6 37. g5 Ne4+ 38. Bxe4 Bxe4 39. Ke3 Bb1 40. Kd4 Kd7 41. Bb8 Kc6 42. Bf4 Bc2 43. Ke5 Bb1 44. Be3 Bc2 45. Kd4 Bb1 46. a4 Bc2 47. axb5+ Kxb5 48. Ke5 Ka4 49. Bc5 Kb3 50. Ba3 Bd1 51. Kf6 Bh5 52. Kg7 b5 53. Kh6 b4 54. cxb4 Ka4 55. Kg7 Kb5 56. Kf6 Ka4 57. Ke5 Kb5 58. Kd4 Bd1 59. Kc3 Bh5 60. b3 cxb3 61. Kxb3 Bg4 62. Bc1 Bh5 63. Be3 Bg4 64. Bc5 Bh5 65. Kc3 Bg4 66. Kd4 Bh5 67. Ke5 Bg4 68. Kf4 Bh5 69. Ke4 Ka4 70. Kf4 Kb5 71. Ke5 Ka4 72. Kf6 Kb5 73. Ke7 Ka4 74. Kd6 Kb5 75. Kc7 Bg4 76. Kd6 Bh5 77. Ke7 Bg4 78. Kf8 Bh5 79. Kg7 Ka4 80. Kf6 Kb5 81. Ke7 1/2-1/2


[Site "https://www.chess.com"]

[Event "Titled Tuesday Blitz April 05 Late 2022"]
[White "Bellissimo, Joseph F."]
[Black "Ovetchkin, Roman"]
[WhiteFideId "2609843"]
[BlackFideId "4119991"]
[WhiteElo "2061"]
[BlackElo "2409"]
[Result "0-1"]
[Round "06"]
[TimeControl "180+1"]
[Date "2022.04.05"]
[WhiteClock "0:00:02"]
[BlackClock "0:00:24"]

1. e4 c6 2. d4 d5 3. e5 Bf5 4. h4 h6 5. g4 Bd7 6. h5 Qc8 7. Be2 c5 8. c3 Nc6 9. Be3 e6 10. f4 c4 11. Nf3 Nge7 12. Kf2 b5 13. Nbd2 Qc7 14. Nf1 Nc8 15. Ng3 Nb6 16. a3 Be7 17. f5 O-O-O 18. Bf4 Kb7 19. Qd2 Qc8 20. Qc2 Rdf8 21. Kg2 f6 22. exf6 Bxf6 23. a4 bxa4 24. Rxa4 Nxd4 25. Rxa7+ Kxa7 26. Ra1+ Kb7 27. cxd4 exf5 28. gxf5 Bg5 29. Bd6 Rxf5 30. Nxf5 Bxf5 31. Qc3 Be4 32. Kh2 Qe6 33. Bg3 Be7 34. Ne5 Ra8 35. Rxa8 Nxa8 36. b3 cxb3 37. Qxb3+ Qb6 38. Qa4 Nc7 39. Qd7 Bd6 40. Qxg7 Qb1 41. Kh3 Qb2 42. Qg4 Qxd4 43. Nf3 Qe3 44. Bxd6 Qxe2 45. Kg3 Ne6 46. Bf4 Qxf3+ 47. Qxf3 Bxf3 48. Kxf3 Nxf4 49. Kxf4 Kc6 50. Kf5 d4 51. Kg6 d3 52. Kxh6 d2 53. Kg7 d1=Q 54. h6 Qg4+ 55. Kh8 Qf5 56. Kg7 Qg5+ 57. Kh7 Kd6 58. Kh8 Qxh6+ 59. Kg8 Qf6 60. Kh7 Qg5 61. Kh8 Ke7 62. Kh7 Kf7 0-1


[Site "https://www.chess.com"]

[Event "Titled Tuesday Blitz April 05 Late 2022"]
[White "Bernat, David"]
[Black "Moral Garcia, Serafin"]
[WhiteFideId "2099225"]
[BlackFideId "2201925"]
[WhiteElo "2312"]
[BlackElo "2518"]
[Result "1-0"]
[Round "06"]
[TimeControl "180+1"]
[Date "2022.04.06"]
[WhiteClock "0:00:15"]
[BlackClock "0:02:20"]

1. c4 e5 2. g3 Nf6 3. Bg2 c6 4. Nf3 e4 5. Nd4 Qb6 6. Nb3 a5 7. d3 a4 8. N3d2 exd3 9. O-O Bc5 10. exd3 O-O 11. Nc3 a3 12. Na4 Qa5 13. Nxc5 Qxc5 14. bxa3 Qd4 15. Qb3 Na6 16. Bb2 Qd6 17. d4 Re8 18. Rfe1 Qf8 19. Rxe8 Nxe8 20. Re1 d6 21. Ne4 Bf5 22. Qxb7 Nec7 23. Qxc6 Bxe4 24. Bxe4 Rb8 25. Bc3 Qd8 26. Ba5 Rb2 27. Bd5 h6 28. Qxa6 Qf6 29. Qc8+ Kh7 30. Rf1 Nxd5 31. cxd5 Rxa2 32. Bb4 h5 33. Qd7 h4 34. Qxd6 Qf3 35. Qf4 Qxd5 36. Qxh4+ Kg8 37. Re1 f6 38. Qe4 1-0


[Site "https://www.chess.com"]

[Event "Titled Tuesday Blitz April 05 Late 2022"]
[White "Bortnyk, Olexandr"]
[Black "Davtyan, David Arm."]
[WhiteFideId "14120828"]
[BlackFideId "13310046"]
[WhiteElo "2917"]
[BlackElo "2460"]
[Result "1-0"]
[Round "06"]
[TimeControl "180+1"]
[Date "2022.04.06"]
[WhiteClock "0:02:23"]
[BlackClock "0:01:37"]

1. d4 Nf6 2. Nc3 d5 3. Bf4 e6 4. Nb5 Bb4+ 5. c3 Ba5 6. a4 a6 7. b4 axb5 8. axb5 Bd7 9. e3 b6 10. bxa5 bxa5 11. Nf3 Nh5 12. Be5 f6 13. Bg3 Nxg3 14. hxg3 Qe7 15. Bd3 h6 16. Nh4 Qd6 17. Qh5+ Kd8 18. Qf7 Kc8 19. Qxg7 Rd8 20. Qxf6 a4 21. Ng6 a3 22. O-O Kb7 23. Qxd8 1-0


[Site "https://www.chess.com"]

[Event "Titled Tuesday Blitz April 05 Late 2022"]
[White "Cagara, Paulina"]
[Black "Derraugh, Geordie"]
[WhiteFideId "1124870"]
[BlackFideId "2603950"]
[WhiteElo "1780"]
[BlackElo "2116"]
[Result "0-1"]
[Round "06"]
[TimeControl "180+1"]
[Date "2022.04.06"]
[WhiteClock "0:00:09"]
[BlackClock "0:01:10"]

1. e4 c5 2. Nc3 d6 3. g3 Nc6 4. Bg2 g6 5. Nge2 Bg7 6. O-O e6 7. d3 Nh6 8. f4 f5 9. h3 O-O 10. Be3 Nf7 11. Qd2 Qc7 12. Nb5 Qb6 13. c4 a6 14. Nbc3 Bd7 15. a3 Rad8 16. b4 Nd4 17. Bxd4 cxd4 18. Nd1 Bc6 19. Nf2 e5 20. exf5 Bxg2 21. fxg6 Bxf1 22. gxf7+ Rxf7 23. Rxf1 d5 24. c5 Qg6 25. Ng4 Rdf8 26. Kh2 e4 27. Rg1 h5 28. f5 Rxf5 29. Nf4 Qg5 30. dxe4 dxe4 31. Qa2+ Kh7 32. Qe6 hxg4 33. h4 Qf6 34. Qxf6 Bxf6 35. Ng2 Rf3 36. Re1 e3 37. Rd1 Be5 0-1


[Site "https://www.chess.com"]

[Event "Titled Tuesday Blitz April 05 Late 2022"]
[White "Calderon, Zachary"]
[Black "Levin, Anthony"]
[WhiteFideId "2076969"]
[BlackFideId "30940680"]
[WhiteElo "2286"]
[BlackElo "2029"]
[Result "0-1"]
[Round "06"]
[TimeControl "180+1"]
[Date "2022.04.06"]
[WhiteClock "0:00:10"]
[BlackClock "0:00:09"]

1. d4 Nf6 2. Bf4 g6 3. Nc3 d5 4. e3 Bg7 5. h4 h5 6. Nf3 Bg4 7. Qd2 Bxf3 8. gxf3 O-O 9. Bd3 c5 10. O-O-O cxd4 11. exd4 Nc6 12. Bh6 Rc8 13. Bxg7 Kxg7 14. Rhg1 Nb4 15. a3 Nxd3+ 16. Qxd3 e6 17. Rg5 Nh7 18. Re5 Qxh4 19. Qe3 Rh8 20. Rg1 Nf6 21. Ne2 Rc4 22. Nf4 Rhc8 23. c3 R4c6 24. Nxg6 fxg6 25. Qd3 Kf7 26. Qxg6+ Ke7 27. Qg7+ Kd6 28. Rg6 Qxd4 29. f4 Rxc3+ 30. bxc3 Rxc3+ 31. Kb2 Qd2+ 32. Kb1 Rc1# 0-1


[Site "https://www.chess.com"]

[Event "Titled Tuesday Blitz April 05 Late 2022"]
[White "Chernomordik, Pavel"]
[Black "Kozak, Antoni"]
[WhiteFideId "2804530"]
[BlackFideId "21832030"]
[WhiteElo "2463"]
[BlackElo "2624"]
[Result "1-0"]
[Round "06"]
[TimeControl "180+1"]
[Date "2022.04.06"]
[WhiteClock "0:00:01"]
[BlackClock "0:00:01"]

1. e4 c6 2. Nc3 d5 3. Nf3 Bg4 4. h3 Bxf3 5. Qxf3 e6 6. d3 Nf6 7. Qg3 g6 8. Be2 Bg7 9. O-O O-O 10. f4 b5 11. a3 Nbd7 12. f5 dxe4 13. dxe4 Nc5 14. fxe6 Nxe6 15. Be3 Qb8 16. Qf2 a5 17. Bf3 Nd7 18. Bg4 Qe5 19. Rad1 Ndc5 20. Rfe1 h5 21. Bxe6 Nxe6 22. Rd2 b4 23. axb4 axb4 24. Nd1 Ra1 25. Bb6 Qb5 26. Be3 Be5 27. Rf1 Bb8 28. Bh6 Qe5 29. g3 Ng7 30. Bf4 Qb5 31. Bxb8 Qxb8 32. Rd7 Qe8 33. Rd3 Qxe4 34. Rd4 Qe6 35. Rxb4 Qxh3 36. Rf4 Qe6 37. Ne3 Rxf1+ 38. Nxf1 Nf5 39. g4 hxg4 40. Rxg4 Re8 41. Nh2 Qd5 42. Nf3 Qd1+ 43. Qf1 Qxc2 44. Nd4 Nxd4 45. Rxd4 1-0


[Site "https://www.chess.com"]

[Event "Titled Tuesday Blitz April 05 Late 2022"]
[White "Coelho, Ramyres Santana"]
[Black "Mohammadian, Mohammad"]
[WhiteFideId "2120690"]
[BlackFideId "12566055"]
[WhiteElo "1888"]
[BlackElo "1544"]
[Result "1-0"]
[Round "06"]
[TimeControl "180+1"]
[Date "2022.04.06"]
[WhiteClock "0:01:39"]
[BlackClock "0:00:34"]

1. e4 e5 2. Nf3 Nc6 3. d4 exd4 4. Bc4 Bb4+ 5. c3 dxc3 6. O-O d6 7. a3 Ba5 8. b4 Bb6 9. Nxc3 Nf6 10. Bg5 O-O 11. Nd5 Bg4 12. Qb3 Bxf3 13. gxf3 Ne5 14. Nxf6+ gxf6 15. Bh6 Re8 16. Kh1 Qe7 17. Rg1+ Ng6 18. h4 Bxf2 19. h5 Bxg1 20. Rxg1 Qd7 21. Rg4 Re5 22. hxg6 Rh5+ 23. Kg2 Rg5 24. gxf7+ Kh8 25. Rxg5 fxg5 26. Bxg5 Rf8 27. Bf6# 1-0


[Site "https://www.chess.com"]

[Event "Titled Tuesday Blitz April 05 Late 2022"]
[White "Constantinou, Peter"]
[Black "Arabidze, Meri"]
[WhiteFideId "413038"]
[BlackFideId "13604040"]
[WhiteElo "2407"]
[BlackElo "2604"]
[Result "1/2-1/2"]
[Round "06"]
[TimeControl "180+1"]
[Date "2022.04.06"]
[WhiteClock "0:00:19"]
[BlackClock "0:00:07"]

1. b3 Nf6 2. Bb2 g6 3. c4 Bg7 4. e3 O-O 5. Nf3 b6 6. d4 Bb7 7. Nc3 e6 8. Be2 d5 9. O-O Nbd7 10. Rc1 c5 11. cxd5 Nxd5 12. Nxd5 Bxd5 13. Qd2 Rc8 14. Rfd1 Qe7 15. Ba3 Rfd8 16. Ba6 Rb8 17. Qe2 Qf6 18. e4 Ba8 19. dxc5 Nxc5 20. Bxc5 bxc5 21. g3 Bf8 22. Bc4 h6 23. h4 Bb7 24. Qe3 Rxd1+ 25. Rxd1 Rd8 26. Rxd8 Qxd8 27. Ne5 Qd6 28. Nd3 Qc6 29. f3 a5 30. a4 Qd6 31. Kg2 h5 32. Qf4 Qxf4 33. Nxf4 Bd6 34. Nd3 Kf8 35. Nb2 Ke7 36. Bd3 f5 37. Nc4 Bc7 38. Kf2 Ba6 39. Nb2 Be5 40. Nc4 Bd4+ 41. Ke2 Bxc4 42. Bxc4 Be5 43. f4 Bd4 44. Kf3 Kf6 45. Bb5 Bc3 46. Be8 Be1 47. Bc6 Bc3 48. Be8 Be1 49. Bd7 Bb4 50. Bb5 Bc3 51. Bd3 Bb4 52. Bc4 Bc3 53. Bb5 Bb4 54. e5+ Ke7 55. Bc6 Bc3 56. Bb7 Bb4 57. Ke2 Bc3 58. Ba6 Bb4 59. Bb5 Bc3 60. Ke3 Bb4 61. Kf3 Bc3 62. Bf1 Bb4 63. Ke2 Bc3 64. Bg2 Bb4 65. Ke3 Bc3 66. Bc6 Bb4 67. Bf3 Bc3 68. Kf2 Bd4+ 69. Kg2 Bc3 70. Be2 Bb4 71. Bc4 Bc3 72. Bd3 Bb4 73. Bb5 Bc3 74. Bc4 Bb4 75. Bf1 Bc3 76. Kh3 Bd2 77. Bc4 Be1 78. Ba6 Bd2 79. Kg2 Be1 80. Kf3 Bc3 81. Ke2 Bb4 82. Kd1 Bc3 83. Ke2 1/2-1/2


[Site "https://www.chess.com"]

[Event "Titled Tuesday Blitz April 05 Late 2022"]
[White "Curtis, John"]
[Black "Golubev, Mikhail"]
[WhiteFideId "3200256"]
[BlackFideId "14100983"]
[WhiteElo "2203"]
[BlackElo "2374"]
[Result "1/2-1/2"]
[Round "06"]
[TimeControl "180+1"]
[Date "2022.04.06"]
[WhiteClock "0:00:05"]
[BlackClock "0:00:14"]

1. e4 c5 2. Nf3 d6 3. d4 Nf6 4. dxc5 Nxe4 5. cxd6 Nc6 6. Nbd2 Nxd6 7. Nc4 Nxc4 8. Qxd8+ Nxd8 9. Bxc4 Be6 10. Bxe6 Nxe6 11. c4 g6 12. Be3 Bg7 13. Rb1 O-O 14. b3 a5 15. Ke2 a4 16. b4 b5 17. cxb5 Nc7 18. b6 Nd5 19. Rhc1 Rfb8 20. Kf1 Nxe3+ 21. fxe3 Rxb6 22. b5 Rab8 23. Rc5 Bh6 24. Ke2 Re6 25. Rc3 Reb6 26. Nd4 e5 27. Nc6 Rxb5 28. Rxb5 Rxb5 29. Ra3 e4 30. Rxa4 Rb2+ 31. Kf1 Bxe3 32. Rxe4 Bc5 33. a4 Rf2+ 34. Ke1 Rxg2 35. a5 Rxh2 36. Rc4 Be3 37. Ra4 f5 38. a6 f4 39. a7 Bxa7 40. Rxa7 g5 41. Ne5 h5 42. Nf3 Rh1+ 43. Kf2 g4 44. Ne5 Rh2+ 45. Kg1 Re2 46. Nd7 f3 47. Nf6+ Kf8 48. Nxh5 g3 49. Nxg3 Rg2+ 50. Kf1 Rxg3 51. Kf2 Rh3 52. Ra3 Kg8 53. Rxf3 Rxf3+ 54. Kxf3 1/2-1/2


[Site "https://www.chess.com"]